AoeStats
← RoR | Vodka_L_2

Arena

510282652Analyzed
1v1 RM · 2d ago on Sep 30, 2026· 31m 38s· 2 players
Game mode
Random Map
Map size
Tiny (2 player)
Population
200
Speed
Normal
Resources
Standard
Victory
Conquest
Starting age
Dark Age
Ending age
Imperial Age
RankedLock teamsTeams togetherTeam positionsShared explorationLock speedFull tech treeHidden civsTurbo modeCheats
Victory
Defeat
🇮🇹 Malay · Italy
2579
+18
🇦🇺 Shu · Australia
2615
-18
RoR | Vodka_L_2
9:16 Feudal Age
8:52 Double-Bit Axe
8:48 Horse Collar
15:21 Castle Age
16:40 Bow Saw
18:45 Husbandry
19:38 Light Cavalry
21:58 Wheelbarrow
21:49 Gold Mining
23:53 Gold Shaft Mining
28:10 Imperial Age
25:25 Elite Skirmisher
26:04 Fletching
26:45 Bodkin Arrow
28:37 Chemistry
27:50 Loom
28:18 Bracer
28:21 Crossbowman
28:58 Town Watch
29:59 Ballistics
31:14 Padded Archer Armor
Rayzor
11:13 Feudal Age
12:17 Horse Collar
12:32 Double-Bit Axe
14:49 Castle Age
15:33 Husbandry
21:16 Wheelbarrow
21:01 Bow Saw
21:47 Stone Mining
21:47 Gold Mining
21:40 Pikeman
24:02 Loom
27:52 Imperial Age
26:15 Crossbowman
27:45 Fletching
27:56 Padded Archer Armor
28:50 Bodkin Arrow
29:34 Bracer
30:06 Ballistics
30:31 Leather Archer Armor
30:28 Elite Skirmisher
Connection lost

Rejoining the realm…

Still unreachable

The connection could not be restored.

Session expired

The server has moved on; the page needs a fresh start.